AoeStats
← Lænsmannj

Yucatan

510277206Analyzed
4v4 RM · 12h ago on Sep 30, 2026· 48m 54s· 8 players
Game mode
Random Map
Map size
Large (8 player)
Population
200
Speed
Normal
Resources
Standard
Victory
Conquest
Starting age
Dark Age
Ending age
Imperial Age
RankedLock teamsTeams togetherTeam positionsShared explorationLock speedFull tech treeHidden civsTurbo modeCheats
Victory
Defeat
🇦🇹 Teutons · Austria
908
+15
🇨🇳 Danes · China
900
+15
🇭🇰 Mongols · Hong Kong SAR China
885
+16
🇮🇩 Magyars · Indonesia
816
+20
🇦🇺 Portuguese · Australia
922
-18
🇦🇺 Britons · Australia
921
-18
🇳🇴 Vikings · Norway
863
-15
🇳🇱 Turks · Netherlands
841
-15
GibranRakatiwing
0:27 Loom
12:32 Feudal Age
13:30 Double-Bit Axe
14:43 Wheelbarrow
14:00 Gold Mining
14:57 Bloodlines
14:37 Horse Collar
18:25 Scale Barding Armor
23:17 Castle Age
24:42 Light Cavalry
25:23 Husbandry
25:45 Chain Barding Armor
26:06 Heavy Plow
26:18 Bow Saw
26:49 Gold Shaft Mining
26:06 Stone Mining
32:30 Imperial Age
31:39 Hand Cart
32:34 Hussar
33:54 Plate Barding Armor
32:44 Cavalier
36:46 Paladin
37:58 Caravan
38:14 Treadmill Crane
39:08 Crop Rotation
39:41 Two-Man Saw
39:29 Fletching
39:40 Padded Archer Armor
41:09 Coinage
42:51 Banking
Tamerlane
10:47 Feudal Age
12:06 Loom
15:16 Castle Age
13:55 Double-Bit Axe
17:12 Bow Saw
20:13 Horse Collar
21:03 Squires
25:25 Heavy Plow
25:40 Gold Mining
26:41 Wheelbarrow
29:08 Gold Shaft Mining
28:48 Forging
28:38 Scale Mail Armor
30:07 Hand Cart
29:16 Man-at-Arms
29:41 Gambesons
29:41 Arson
34:05 Imperial Age
30:57 Long Swordsman
31:15 Hamask
33:17 Iron Casting
32:57 Chain Mail Armor
33:43 Ballistics
34:10 Stone Mining
34:05 Capped Ram
34:08 Two-Handed Swordsman
35:50 Blast Furnace
35:25 Plate Mail Armor
35:02 Murder Holes
34:39 Northmen's Fury
35:08 Champion
36:16 Fletching
36:01 Elite Varangian Guard
39:42 Conscription
39:35 Siege Engineers
40:40 Bodkin Arrow
41:23 Hoardings
43:26 Chemistry
42:28 Bracer
42:52 Siege Ram
43:52 Onager
45:56 Heavy Scorpion
Bantum
2:09 Loom
9:38 Feudal Age
10:09 Double-Bit Axe
16:13 Gold Mining
19:04 Castle Age
18:03 Forging
17:58 Scale Barding Armor
17:51 Horse Collar
21:24 Heavy Plow
25:12 Bloodlines
25:42 Iron Casting
25:27 Chain Barding Armor
32:18 Imperial Age
30:26 Wheelbarrow
32:28 Hand Cart
32:22 Cavalier
34:47 Crop Rotation
35:45 Paladin
37:01 Chain Barding Armor
37:51 Blast Furnace
40:27 Plate Barding Armor
ccpui1203
1:49 Loom
11:34 Feudal Age
16:54 Castle Age
16:31 Double-Bit Axe
17:29 Wheelbarrow
18:49 Bow Saw
27:19 Fishing Lines
27:56 Gillnets
29:02 Nomads
34:35 Imperial Age
32:25 Hand Cart
32:04 Fletching
32:14 Padded Archer Armor
32:29 Gold Mining
32:29 Stone Mining
32:25 Horse Collar
36:27 Gold Shaft Mining
36:32 Drill
36:32 Conscription
35:34 Elite Mangudai
36:56 Bodkin Arrow
37:17 Leather Archer Armor
37:14 Forging
37:09 Scale Barding Armor
37:44 Thumb Ring
37:00 Crossbowman
38:10 Parthian Tactics
40:28 Stone Shaft Mining
39:57 Heavy Plow
40:20 Ballistics
41:00 Chemistry
40:12 Masonry
39:58 Murder Holes
40:08 Siege Engineers
40:14 Fortified Wall
40:06 Bracer
41:34 Husbandry
41:44 Bloodlines
40:55 Light Cavalry
45:44 Iron Casting
45:29 Chain Barding Armor
44:32 Hussar
44:33 Elite Steppe Lancer
48:56 Guard Tower
49:45 Hoardings
WaterfietsXL
0:32 Loom
14:57 Feudal Age
15:42 Double-Bit Axe
23:15 Castle Age
22:41 Man-at-Arms
24:13 Bow Saw
24:09 Horse Collar
24:28 Long Swordsman
31:44 Heavy Plow
36:34 Imperial Age
33:52 Town Watch
34:51 Gold Mining
35:39 Wheelbarrow
36:41 Caravan
38:47 Conscription
43:04 Gold Shaft Mining
42:20 Stone Mining
46:16 Capped Ram
Lænsmannj
3:43 Loom
10:30 Feudal Age
11:14 Double-Bit Axe
17:19 Castle Age
17:16 Man-at-Arms
18:34 Stone Mining
18:56 Bow Saw
18:11 Long Swordsman
21:35 Fletching
23:30 Horse Collar
26:22 Heavy Plow
32:17 Imperial Age
31:04 Scale Mail Armor
31:15 Forging
33:03 Iron Casting
32:23 Bodkin Arrow
33:04 Chain Mail Armor
33:14 Two-Handed Swordsman
34:06 Crossbowman
35:14 Squires
37:13 Champion
41:41 Siege Engineers
43:05 Two-Man Saw
41:48 Treadmill Crane
43:55 Conscription
45:20 Bracer
Princess Hope
1:28 Loom
12:16 Feudal Age
14:45 Double-Bit Axe
14:47 Town Watch
15:00 Horse Collar
15:13 Gold Mining
15:14 Stone Mining
20:21 Castle Age
22:02 Wheelbarrow
21:28 Town Patrol
22:13 Heavy Plow
22:24 Bow Saw
23:00 Yeomen
23:25 Hand Cart
29:46 Gold Shaft Mining
30:16 Fletching
30:26 Padded Archer Armor
30:46 Fortified Wall
30:57 Ballistics
31:18 Treadmill Crane
33:16 Masonry
34:30 Leather Archer Armor
34:11 Bodkin Arrow
38:15 Imperial Age
35:57 Murder Holes
39:57 Two-Man Saw
39:01 Bracer
39:32 Ring Archer Armor
39:37 Scale Mail Armor
39:48 Forging
39:01 Pikeman
39:42 Squires
40:19 Halberdier
40:47 Arson
41:40 Squires
41:58 Chain Mail Armor
44:19 Chemistry
44:39 Iron Casting
44:20 Warwolf
45:21 Plate Mail Armor
47:05 Blast Furnace
Legion
0:30 Loom
11:21 Feudal Age
14:02 Man-at-Arms
14:28 Arson
14:34 Horse Collar
16:59 Wheelbarrow
16:11 Town Watch
16:41 Double-Bit Axe
24:04 Castle Age
24:15 Pikeman
29:26 Scale Mail Armor
34:17 Bow Saw
35:57 Forging
37:01 Elite Skirmisher
38:04 Heavy Plow
38:02 Murder Holes
38:30 Ballistics
39:59 Guard Tower
40:30 Fervor
41:24 Padded Archer Armor
41:16 Fletching
41:51 Crossbowman
42:36 Thumb Ring
43:12 Gambesons
Connection lost

Rejoining the realm…

Still unreachable

The connection could not be restored.

Session expired

The server has moved on; the page needs a fresh start.